 Dungeon Crawl Stone Soup version 0.30-a0-728-gc68057be0a (webtiles) character file.

Game seed: 17094222226914163581

133 browni3141 the Digger (level 5, -3/37 HPs)
             Began as a Human Earth Elementalist on Jan 30, 2023.
             Killed by nerve-wracking pain
             ... invoked by Menkaure
              (14 damage)
             ... on level 4 of the Dungeon.
             The game lasted 00:04:09 (2373 turns).

browni3141 the Digger (Human Earth Elementalist)    Turns: 2373, Time: 00:04:10

Health: -3/37      AC:  6    Str: 14    XL:     5   Next: 40%
Magic:  5/8        EV: 12    Int: 17    God:
Gold:   93         SH:  0    Dex: 14    Spells: 2/8 levels left

rFire   . . .      SeeInvis .    f - +0 dagger
rCold   + . .      Faith    .    (no shield)
rNeg    . . .      Spirit   .    e - +0 leather armour
rPois   .          Reflect  .    (no helmet)
rElec   .          Harm     .    (no cloak)
rCorr   .          Rampage  .    c - +2 pair of gloves
Will    .....                    (no boots)
Stlth   ++                       (no amulet)
HPRegen 0.26/turn                h - ring of protection from cold
MPRegen 0.11/turn                i - +6 ring of strength

@: no status effects
A: no striking features
a: no special abilities


You were on level 4 of the Dungeon.
You visited 1 branch of the dungeon, and saw 4 of its levels.

You collected 203 gold pieces.
You spent 110 gold pieces at shops.

Inventory:

Hand Weapons
 f - a +0 dagger (weapon)
Missiles
 r - 6 poisoned darts
Armour
 a - a +0 robe
 c - a +2 pair of gloves (worn)
 e - a +0 leather armour (worn)
Jewellery
 h - a ring of protection from cold (left hand)
 i - a +6 ring of strength (right hand)
 j - an amulet of faith
Scrolls
 l - 2 scrolls of immolation
 p - a scroll of teleportation
 q - a scroll of fear
 s - a scroll of amnesia {unknown}
Potions
 b - 3 potions of magic
 d - 5 potions of curing
 k - 2 potions of invisibility {unknown}
 m - a potion of mutation {unknown}
 n - 2 potions of cancellation
 o - a potion of might {unknown}


   Skills:
 - Level 1.0 Fighting
 - Level 2.0 Dodging
 - Level 2.0 Stealth
 - Level 2.0 Spellcasting
 - Level 1.0 Transmutations
 * Level 5.5 Earth Magic


You had 2 spell levels left.
You knew the following spells:

 Your Spells              Type           Power      Damage    Failure   Level
a - Sandblast             Erth           40%        2d10      2%          1
b - Passwall              Tmut/Erth      10%        N/A       10%         2
c - Stone Arrow           Conj/Erth      22%        3d8       24%         3

Your spell library contained the following spells:

 Spells                   Type           Power      Damage    Failure   Level
 Ensorcelled Hibernation  Hex/Ice        2%         N/A       36%         2
 Spider Form              Tmut/Pois      3%         N/A       52%         3
 Petrify                  Tmut/Erth      12%        N/A       54%         4
 Summon Guardian Golem    Hex/Summ       1%         N/A       58%         3
 Anguish                  Hex/Necr       0%         N/A       94%         4
 Summon Forest            Summ/Tloc      0%         N/A       100%        5
 Summon Mana Viper        Hex/Summ       1%         N/A       100%        5
 Eringya's Noxious Bog    Tmut/Pois      1%         N/A       100%        6
 Summon Cactus Giant      Summ           0%         N/A       100%        6
 Orb of Destruction       Conj           0%         9d5       100%        7
 Spellforged Servitor     Conj/Summ      0%         N/A       100%        7
 Summon Hydra             Summ           0%         N/A       100%        7


Dungeon Overview and Level Annotations

Branches:
Dungeon (4/15)
 Temple: D:4-7

Altars:
Hepliaklqana

Shops:
D:3 !

Annotations:
D:1 1 transporter
D:4 Menkaure


Message History

Found a hand axe.
There is an open door here.
You see here a +0 hand axe.
You open the door.
There is an open door here.
A hobgoblin comes into view.
A hobgoblin is nearby!
A hobgoblin is nearby!
You can't see any susceptible monsters within range! (Use Z to cast anyway.)
The hobgoblin shouts!
The blast of sand hits the hobgoblin!
You kill the hobgoblin!
You can't see any susceptible monsters within range! (Use Z to cast anyway.) Magic restored.
Found 7 stones.
Menkaure, Prince of Dust comes into view.
Menkaure is nearby!
Menkaure shouts!
Menkaure casts a spell.
Menkaure seems to speed up.
Menkaure is nearby!
You start waiting.
Menkaure is nearby!
The blast of sand hits Menkaure.
Menkaure is lightly damaged.
Menkaure calls on the powers of darkness!
Your body is wracked with pain!
The blast of sand hits Menkaure but does no damage.
Menkaure is lightly damaged.
Menkaure closely misses you.
Menkaure rustles in an indecipherable tongue.
Menkaure barely misses you.
The blast of sand hits Menkaure but does no damage.
Menkaure is lightly damaged.
Menkaure murmurs, "Let me perform the rites..."
Menkaure hits you!
* * * LOW HITPOINT WARNING * * *
Menkaure points at you and mumbles some strange words.
Pain shoots through your body!
You die...

#### .....
################.(....
#................M....
##.####...M#####......
#.# #...@# ..... #.#
#....# .... #.# #....#
### #.# #..†.# #.#
#....# #.# #....# #.#
###### #.# ###### #.#
#....#


You could see Menkaure (fast).

Vanquished Creatures
  An orc priest (D:3)
  An orc wizard (D:3)
  4 adders
  A dart slug (D:3)
  2 orcs (D:3)
  2 ball pythons (D:1)
  2 bats
  4 endoplasms
  3 giant cockroaches
  3 goblins
  7 hobgoblins
  2 quokkas
  2 frilled lizards
  A kobold (D:3)
  4 rats
39 creatures vanquished.

Notes
Turn   | Place    | Note
-------+----------+-------------------------------------------
     0 | D:1      | browni3141 the Human Earth Elementalist began the quest for
                  | the Orb.
     0 | D:1      | Reached XP level 1. HP: 13/13 MP: 3/3
     9 | D:1      | Reached skill level 1 in Fighting
   247 | D:1      | Reached XP level 2. HP: 21/21 MP: 3/5
   339 | D:1      | Found a faded altar of an unknown god.
  1002 | D:2      | Learned a level 2 spell: Passwall
  1084 | D:2      | Found a hazy altar of Hepliaklqana.
  1212 | D:2      | Reached XP level 3. HP: 26/26 MP: 4/6
  1216 | D:2      | Reached skill level 4 in Earth Magic
  1559 | D:3      | Reached XP level 4. HP: 27/32 MP: 4/7
  1650 | D:3      | Reached skill level 5 in Earth Magic
  1729 | D:3      | Reached XP level 5. HP: 37/37 MP: 3/8
  2179 | D:3      | Found Tov Taat's Distillery.
  2191 | D:3      | Bought a potion of cancellation for 80 gold pieces
  2191 | D:3      | Bought a potion of curing for 30 gold pieces
  2305 | D:3      | Learned a level 3 spell: Stone Arrow
  2360 | D:4      | Noticed Menkaure
  2373 | D:4      | Killed from afar by Menkaure

Illustrated notes

Levels and vault maps discovered:
D:1:      spicycebolla_arrival_risky_transporter, layout_basic,
          shapermc_ecumenical_altar_totnotflames, st_stairs_7
D:2:      layout_basic, basic_altar, minmay_misc_feat_pillars
D:3:      layout_basic, serial_shops, nicolae_shop_stone
D:4:      layout_basic, minmay_temple_entry_ruins, uniq_menkaure

Skill      XL: |  1  2  3  4 |
---------------+-------------+-----
Fighting       | 1 |  1.0
Earth Magic    | 4 5 |  5.5
Dodging        | |  2.0
Stealth        | |  2.0
Spellcasting   | |  2.0
Transmutations | |  1.0

Action                     |  1- 3 |  4- 6 || total
---------------------------+-------+-------++-------
  Melee: Dagger            |    13 |       ||    13
   Cast: Sandblast         |    34 |    25 ||    59
    Use: Scroll            |       |     3 ||     3
 Armour: Leather armour    |    11 |     2 ||    13
  Dodge: Dodged            |    16 |     3 ||    19

Table legend: (Time is in decaauts)
 A = Elapsed time spent in this place.
 B = Non-inter-level travel time spent in this place.
 C = Inter-level travel time spent in this place.
 D = Time resting spent in this place.
 E = Time spent auto-exploring this place.
 F = Levels seen in this place.
 G = Mean time per level.
                   A        B        C        D        E       F      G
               +--------+--------+--------+--------+--------+-----+--------+
         Total |   2397 |   2309 |     88 |     48 |   1966 |   4 |  599.2 |
       Dungeon |   2397 |   2309 |     88 |     48 |   1966 |   4 |  599.2 |
               +--------+--------+--------+--------+--------+-----+--------+

Top non-repeatable levels by time:
     D:1: 915 daAuts
     D:3: 825 daAuts
     D:2: 588 daAuts
     D:4: 68 daAuts
